 Dungeon Crawl Stone Soup version 0.28-a0-674-gdaf460b524 (webtiles) character file.

Game seed: 3551927254840654665

131 acebull12 the Magician (level 5, -1/37 HPs)
             Began as a Djinni Fire Elementalist on Oct 17, 2021.
             Slain by a quokka (3 damage)
             ... on level 4 of the Dungeon.
             The game lasted 00:06:18 (4472 turns).

acebull12 the Magician (Djinni Fire Elementalist)   Turns: 4472, Time: 00:06:19

Health: -1/37      AC:  3    Str:  7    XL:     5   Next: 37%
Gold:   128        EV: 12    Int: 18    God:
                   SH:  0    Dex: 13

rFire   + + .      SeeInvis .   f - +1 falchion (holy)
rCold   x . .      Faith    .   (no shield)
rNeg    . . .      Spirit   .   a - +0 robe
rPois   ∞          Reflect  .   (no helmet)
rElec   .          Harm     .   d - +0 cloak
rCorr   .          Rampage  .   (no gloves)
Will    .....                   (boots unavailable)
Stlth   ++........              (no amulet)
HPRegen 0.12/turn               (no ring)
MPRegen 0.00/turn               (no ring)

@: flying
A: sickness immunity, fire resistance 2, cold vulnerability 1, float, innate
caster, hp casting, extra vitality 1
a: no special abilities


You were on level 4 of the Dungeon.
You visited 1 branch of the dungeon, and saw 4 of its levels.

You collected 128 gold pieces.

Inventory:

Hand Weapons
 f - a +1 falchion of holy wrath (weapon)
Missiles
 c - 23 stones
Armour
 a - a +0 robe (worn)
 d - a +0 cloak (worn)
Jewellery
 k - a ring of ice
Scrolls
 g - a scroll of amnesia {unknown}
 h - a scroll of vulnerability {unknown}
 j - a scroll of noise {unknown}
 l - a scroll of acquirement {unknown}
Potions
 b - 2 potions of degeneration {unknown}
 e - a potion of flight {unknown}
 i - a potion of heal wounds {unknown}


   Skills:
 * Level 1.0 Fighting
 + Level 2.7 Dodging
 - Level 1.5 Stealth
 * Level 4.1 Spellcasting


You couldn't memorise any spells.
You knew the following spells:

 Your Spells              Type           Power      Damage    Failure   Level
a - Foxfire               Conj/Fire      72%        2x1d7     2%          1
b - Scorch                Fire           36%        2d7       4%          2
c - Conjure Flame         Conj/Fire      18%        6-21      9%          3
d - Inner Flame           Hex/Fire       18%        N/A       9%          3
e - Flame Wave            Conj/Fire      18%        3d5       26%         4
f - Summon Small Mammal   Summ           72%        N/A       2%          1
g - Passwall              Tmut/Erth      15%        N/A       4%          2
Your spell library was empty.

Dungeon Overview and Level Annotations

Branches:
Dungeon (4/15)
 Temple: D:4-7

Altars:
Ashenzari

Annotations:
D:3 jasper's ghost, amateur DsCA


Innate Abilities, Weirdness & Mutations

You are immune to sickness and miasma.
You are immune to poison.
Your flesh is very heat resistant. (rF++)
You are vulnerable to cold. (rC-)
You float through the air rather than walking.
You learn spells naturally, not from books.
Your magical power is your life essence.
You have superior vitality. (+4 HP)


Message History

You conjure some foxfire!
Jasper's ghost closely misses you.
Casting: Foxfire (safe; 2% risk of failure)
Confirm with . or Enter, or press ? or * to list all spells.
You conjure some foxfire!
The foxfire hits jasper's ghost but does no damage.
Jasper's ghost is moderately damaged.
Jasper's ghost hits you but does no damage.
Casting: Foxfire (safe; 2% risk of failure)
Confirm with . or Enter, or press ? or * to list all spells.
You conjure some foxfire!
Jasper's ghost is no longer more vulnerable to fire.
The foxfire hits jasper's ghost but does no damage.
Jasper's ghost is moderately damaged.
The foxfire hits jasper's ghost but does no damage.
Jasper's ghost is moderately damaged.
The foxfire hits jasper's ghost but does no damage.
Jasper's ghost is moderately damaged.
Jasper's ghost hits you!
* * * LOW HITPOINT WARNING * * *
The foxfire hits jasper's ghost.
Jasper's ghost resists.
Jasper's ghost is moderately damaged.
Jasper's ghost ripples.
Jasper's ghost hits you.
* * * LOW HITPOINT WARNING * * *
There is a stone staircase leading down here.
You fly downwards.
There is a stone staircase leading up here.
Found 9 gold pieces.
An orc comes into view. It is wielding a +0 flail.
A quokka comes into view.
Found a stone staircase leading up.
The quokka bites you but does no damage.
You hit the quokka.
The quokka is moderately wounded.
The quokka bites you but does no damage.
You miss the quokka. The quokka barely misses you. x2
You closely miss the quokka. The quokka bites you.
* * * LOW HITPOINT WARNING * * *
You hit the quokka but do no damage. The quokka bites you.
You die...

... ## ..##<
##.... .... ...#
#..# .....# #..#
.....s# #@r#
.......##.###
............#
.......####.#
#"....s####.##
#........##..####
.......<.......$#
.....>..####..#.#
........#
##.......


You could see a quokka.

Vanquished Creatures
  2 hounds (D:3)
  A gnoll (D:3)
  A worm (D:2)
  4 dart slugs
  An orc (D:3)
  5 endoplasms
  3 goblins (D:1)
  7 hobgoblins
  4 jackals (D:2)
  5 quokkas
  6 ball pythons (D:1)
  3 bats (D:1)
  3 frilled lizards
  4 rats
49 creatures vanquished.

Vanquished Creatures (others)
  279 foxfires
279 creatures vanquished.

Grand Total: 328 creatures vanquished

Notes
Turn   | Place    | Note
-------+----------+-------------------------------------------
     0 | D:1      | acebull12 the Djinni Fire Elementalist began the quest for
                  | the Orb.
     0 | D:1      | Reached XP level 1. HP: 15/15 MP: 0/0
   171 | D:1      | Reached XP level 2. HP: 10/21 MP: 0/0
   766 | D:1      | Reached skill level 3 in Spellcasting
  1152 | D:1      | Reached XP level 3. HP: 18/25 MP: 0/0
  1152 | D:1      | Learned a level 1 spell: Summon Small Mammal
  2985 | D:2      | Found a faded altar of an unknown god.
  3224 | D:2      | Reached XP level 4. HP: 27/31 MP: 0/0
  3343 | D:3      | Found a broken altar of Ashenzari.
  3749 | D:3      | Found a runed translucent door.
  3759 | D:3      | Noticed jasper's ghost (amateur DsCA)
  4059 | D:3      | Reached skill level 1 in Fighting
  4059 | D:3      | Reached skill level 4 in Spellcasting
  4059 | D:3      | Reached XP level 5. HP: 3/37 MP: 0/0
  4059 | D:3      | Learned a level 2 spell: Passwall
  4449 | D:3      | HP: 1/37 [jasper's ghost (5)]
  4472 | D:4      | Slain by a quokka

Illustrated notes

Levels and vault maps discovered:
D:1:      scummos_arrival_star, layout_basic, kennysheep_pointless_box,
          minmay_crystal_room
D:2:      layout_loops_cross, shapermc_ecumenical_altar_ellora
D:3:      layout_basic, cheibrodos_ashenzari_chains,
          ebering_ghost_reflecting_pool, cheibrodos_gnoll_hut
D:4:      layout_rooms, nicolae_ru_the_path_less_chosen, uniq_edmund

Skill      XL: |  1  2  3  4 |
---------------+-------------+-----
Spellcasting   | 3 4 |  4.1
Fighting       | 1 |  1.0
Dodging        | |  2.7
Stealth        | |  1.5

Action                   |  1- 3 |  4- 6 || total
-------------------------+-------+-------++-------
Melee: Unarmed           |     2 |       ||     2
       Falchion          |     1 |     5 ||     6
 Cast: Foxfire           |   109 |    63 ||   172
       Scorch            |       |     1 ||     1
Armor: Robe              |     4 |     4 ||     8
Dodge: Dodged            |    16 |    16 ||    32

Table legend: (Time is in decaauts)
 A = Elapsed time spent in this place.
 B = Non-inter-level travel time spent in this place.
 C = Inter-level travel time spent in this place.
 D = Time resting spent in this place.
 E = Time spent auto-exploring this place.
 F = Levels seen in this place.
 G = Mean time per level.
                   A        B        C        D        E       F      G
               +--------+--------+--------+--------+--------+-----+--------+
         Total |   4477 |   4238 |    239 |    715 |   3064 |   4 | 1119.2 |
       Dungeon |   4477 |   4238 |    239 |    715 |   3064 |   4 | 1119.2 |
               +--------+--------+--------+--------+--------+-----+--------+

Top non-repeatable levels by time:
     D:1: 2243 daAuts
     D:2: 1148 daAuts
     D:3: 836 daAuts
     D:4: 248 daAuts
